 Dungeon Crawl Stone Soup version 0.28.0-43-g3370ac3207 (webtiles) character file.

Game seed: 6847503202989787800

77 Pemander the Sneak (level 4, -5/24 HPs)
             Began as a Kobold Enchanter on Mar 23, 2022.
             Killed from afar by an orc wizard (9 damage)
             ... with a puff of flame
             ... on level 4 of the Dungeon.
             The game lasted 00:04:30 (5029 turns).

Pemander the Sneak (Kobold Enchanter)               Turns: 5029, Time: 00:04:31

Health: -5/24      AC:  7    Str:  7    XL:     4   Next: 58%
Magic:  7/7        EV: 14    Int: 16    God:
Gold:   134        SH:  0    Dex: 15    Spells: 5/7 levels left

rFire   . . .      SeeInvis .   a - +1 dagger
rCold   + . .      Faith    .   (no shield)
rNeg    . . .      Spirit   .   e - +2 leather armour {rC+}
rPois   .          Reflect  .   l - +0 helmet
rElec   .          Harm     .   h - scarf {shadows}
rCorr   .          Rampage  .   (no gloves)
Will    .....                   n - +0 pair of boots
Stlth   ++++......              (no amulet)
HPRegen 0.08/turn               (no ring)
MPRegen 0.10/turn               (no ring)

@: no status effects
A: small, no large weapons, nightstalker 3
a: no special abilities


You were on level 4 of the Dungeon.
You visited 1 branch of the dungeon, and saw 4 of its levels.

You collected 134 gold pieces.

Inventory:

Hand Weapons
 a - a +1 dagger (weapon)
Armour
 b - a +0 robe
 e - a +2 leather armour of cold resistance (worn)
 h - a scarf of shadows (worn)
 l - a +0 helmet (worn)
 n - a +0 pair of boots (worn)
Jewellery
 m - a ring of willpower
Scrolls
 d - 2 scrolls of identify {unknown}
 j - 3 scrolls of immolation {unknown}
 k - 2 scrolls of teleportation {unknown}
 o - a scroll of noise {unknown}
Potions
 c - a potion of invisibility
 f - a potion of resistance {unknown}
 g - a potion of mutation {unknown}
 i - a potion of magic {unknown}


   Skills:
 + Level 3.9 Short Blades
 - Level 2.4 Dodging
 + Level 5.7 Stealth
 - Level 2.1 Spellcasting
 - Level 3.0 Hexes


You had 5 spell levels left.
You knew the following spells:

 Your Spells              Type           Power      Damage    Failure   Level
a - Ensorcelled Hibernat  Hex/Ice        12%        N/A       26%         2

Your spell library contained the following spells:

 Spells                   Type           Power      Damage    Failure   Level
 Confusing Touch          Hex            11%        N/A       26%         3
 Tukima's Dance           Hex            11%        N/A       26%         3
 Sublimation of Blood     Necr           1%         N/A       43%         2
 Dazzling Flash           Conj/Hex       12%        N/A       45%         3
 Petrify                  Tmut/Erth      1%         N/A       97%         4
 Irradiate                Conj/Tmut      0%         3d14      100%        5


Dungeon Overview and Level Annotations

Branches:
Dungeon (4/15)
 Temple: D:4-7

Altars:


Innate Abilities, Weirdness & Mutations

You are small and have problems with some larger weapons.
You are completely attuned to the shadows.


Message History

You hit the orc wizard.
The orc wizard is moderately wounded.
The orc wizard hits you with a +0 dagger.
You hit the orc wizard.
The orc wizard is moderately wounded.
You barely miss the orc wizard.
The orc wizard is moderately wounded.
The orc wizard hits you but does no damage.
You closely miss the orc wizard.
The orc wizard is moderately wounded.
The orc wizard hits you but does no damage.
You hit the orc wizard.
The orc wizard is heavily wounded.
The orc wizard hits you with a +0 dagger.
You hit the orc wizard.
The orc wizard is severely wounded.
The orc wizard hits you but does no damage.
You barely miss the orc wizard.
The orc wizard is severely wounded.
The orc wizard mumbles some strange words.
The orc wizard flickers and vanishes!
No target in view!
No target in view!
You miss something. You closely miss something.
Something hits you but does no damage.
You miss something. Something barely misses you.
You hit something but do no damage. Something hits you but does no damage.
You closely miss something.
You hear some strange, mumbled words.
A magic dart appears from out of thin air!
The magic dart hits you!
You hit something. You hit something but do no damage. Something hits you.
You barely miss something. Something hits you.
* * * LOW HITPOINT WARNING * * *
You miss something.
You hear some strange, mumbled words.
A puff of flame appears from out of thin air!
The puff of flame hits you!
You die...

############
............
..######.###
##### ..+
.....# #.{.#
..# ####.#
#@#.# .<. #.#
#.#.# #.#
#.#o# #.#
#.#.# #.#
#.#.# #.#
#.#.# #.#
#.#.# #.#
#.#.#
#.#######.#.#


There were no monsters in sight!

Vanquished Creatures
  2 adders (D:2)
  A worm (D:2)
  A dart slug (D:3)
  8 ball pythons
  2 bats
  5 endoplasms
  2 giant cockroaches
  7 goblins
  5 hobgoblins
  3 jackals (D:3)
  4 quokkas (D:1)
  2 frilled lizards
  5 kobolds
  3 rats
50 creatures vanquished.

Notes
Turn   | Place    | Note
-------+----------+-------------------------------------------
     0 | D:1      | Pemander the Kobold Enchanter began the quest for the Orb.
     0 | D:1      | Reached XP level 1. HP: 10/10 MP: 3/3
   662 | D:1      | Reached XP level 2. HP: 15/15 MP: 5/5
  1308 | D:1      | Learned a level 2 spell: Ensorcelled Hibernation
  1397 | D:1      | Found a faded altar of an unknown god.
  1415 | D:1      | Reached XP level 3. HP: 15/19 MP: 6/6
  2618 | D:2      | Reached skill level 5 in Stealth
  2882 | D:2      | Reached XP level 4. HP: 16/24 MP: 7/7
  5029 | D:4      | Killed from afar by an orc wizard

Illustrated notes

Levels and vault maps discovered:
D:1:      eino_arrival_tree_alley, layout_loops_cross,
          hellmonk_ecumenical_altar_heavens_door
D:2:      layout_basic
D:3:      layout_basic, minivault_24, minmay_cupped
D:4:      layout_basic

Skill      XL: |  1  2  3 |
---------------+----------+-----
Short Blades   | 2 3 |  3.9
Stealth        | 5 |  5.7
Dodging        | |  2.4
Spellcasting   | |  2.1
Hexes          | |  3.0

Action                   |  1- 3 |  4- 6 || total
-------------------------+-------+-------++-------
Melee: Dagger            |   143 |   117 ||   260
       Punch             |       |     2 ||     2
 Stab: Sleeping          |    10 |     7 ||    17
       Distracted        |     1 |     1 ||     2
Armor: Robe              |     1 |       ||     1
       Leather armour    |    18 |    29 ||    47
Dodge: Dodged            |    95 |    47 ||   142
